 Dungeon Crawl Stone Soup version 0.30-a0-860-g512cf1e979 (webtiles) character file.

Game seed: 7184704998211377044

24 Hubjo the Grave Robber (level 2, -1/21 HPs)
             Began as a Demonspawn Necromancer on Mar 7, 2023.
             Frozen to death by an endoplasm (5 damage)
             ... on level 1 of the Dungeon.
             The game lasted 00:02:04 (545 turns).

Hubjo the Grave Robber (Demonspawn Necromancer)      Turns: 545, Time: 00:02:06

Health: -1/21      AC:  2    Str:  8    XL:     2   Next: 79%
Magic:  0/5        EV: 12    Int: 16    God:
Gold:   48         SH:  0    Dex: 13    Spells: 4/5 levels left

rFire   . . .      SeeInvis .    h - +0 dagger
rCold   . . .      Faith    .    (no shield)
rNeg    . . .      Spirit   .    a - +0 robe
rPois   .          Reflect  .    (no helmet)
rElec   .          Rampage  .    (no cloak)
rCorr   .                        (no gloves)
Will    .....                    (no boots)
Stlth   ++                       (no amulet)
HPRegen 0.23/turn                (no ring)
MPRegen 0.09/turn                (no ring)

@: no status effects
A: powered by death 1
a: no special abilities


You were on level 1 of the Dungeon.
You visited 1 branch of the dungeon, and saw 1 of its levels.

You collected 48 gold pieces.

Inventory:

Hand Weapons
 h - a +0 dagger (weapon)
Armour
 a - a +0 robe (worn)
Potions
 b - a potion of magic
 c - a potion of attraction
 e - 2 potions of haste
 g - a potion of degeneration {unknown}
 i - a potion of lignification {unknown}


   Skills:
 * Level 1.4 Fighting
 - Level 1.7 Dodging
 + Level 2.1 Stealth
 + Level 2.2 Spellcasting
 + Level 4.6 Necromancy


You had 4 spell levels left.
You knew the following spells:

 Your Spells              Type           Power      Damage    Failure   Level
a - Necrotise             Necr           64%        1d7       3%          1

Your spell library contained the following spells:

 Spells                   Type           Power      Damage    Failure   Level
 Vampiric Draining        Necr           16%        2d7       10%         3
 Animate Dead             Necr           16%        N/A       30%         4
 Agony                    Necr           16%        N/A       65%         5


Dungeon Overview and Level Annotations

Branches:
Dungeon (1/15)

Altars:


Innate Abilities, Weirdness & Mutations

You regenerate a little health from kills.


Message History

The endoplasm hits your hobgoblin skeleton.
The ball python bites your hobgoblin skeleton.
The ball python constricts your hobgoblin skeleton.
As you read the scroll of identify, it crumbles to dust.
e - 2 potions of haste The ball python bites your hobgoblin skeleton.
Your hobgoblin skeleton is destroyed!
The rat bites you but does no damage.
It was a potion of curing.
You feel better. The endoplasm freezes you.
You are frozen.
The rat bites you.
Casting: Necrotise (safe; 3% risk of failure)
Confirm with . or Enter, or press ? or * to list all spells.
Aiming: Necrotise (safe; 3% risk of failure)
Press: ? - help, Shift-Dir - straight line, f - endoplasm
Aim: an endoplasm (heavily wounded, chance to affect: 86%)
The endoplasm barely resists.
The ball python bites you but does no damage.
The ball python completely misses you. The endoplasm hits you.
The rat bites you.
* * * LOW HITPOINT WARNING * * *
The ball python bites you but does no damage.
The ball python barely misses you.
Casting: Necrotise (safe; 3% risk of failure)
Confirm with . or Enter, or press ? or * to list all spells.
Aiming: Necrotise (safe; 3% risk of failure)
Press: ? - help, Shift-Dir - straight line, f/p - endoplasm
Aim: an endoplasm (heavily wounded, chance to affect: 86%)
The endoplasm writhes in agony.
The endoplasm hits you.
* * * LOW HITPOINT WARNING * * *
The rat closely misses you. The ball python closely misses you. x2
Casting: Necrotise (safe; 3% risk of failure)
Confirm with . or Enter, or press ? or * to list all spells.
Aiming: Necrotise (safe; 3% risk of failure)
Press: ? - help, Shift-Dir - straight line, f/p - endoplasm
Aim: an endoplasm (almost dead, chance to affect: 86%)
The endoplasm barely resists.
The endoplasm freezes you.
You are frozen.
You die...

##### ..... .....#########
.............# #..........#
##### ##........# ####....
#.....r...#######....###
#....gJ@............#...
$.......###S...............##
#...##.###..####.............
#.# #.. ...#####.........#...
. #..#.####..............##
..... ..............### ###..
###..........# ..
#...........# ##.#.........#


You could see an endoplasm, a hobgoblin, a ball python and a rat.

Vanquished Creatures
  A dart slug (D:1)
  2 endoplasms (D:1)
  A giant cockroach (D:1)
  3 hobgoblins (D:1)
  6 jackals (D:1)
  2 kobolds (D:1)
  A bat (D:1)
  A frilled lizard (D:1)
  A rat (D:1)
18 creatures vanquished.

Notes
Turn   | Place    | Note
-------+----------+-------------------------------------------
     0 | D:1      | Hubjo the Demonspawn Necromancer began the quest for the
                  | Orb.
     0 | D:1      | Reached XP level 1. HP: 13/13 MP: 3/3
     6 | D:1      | Noticed a salamander
     6 | D:1      | Noticed a swamp worm
     6 | D:1      | Noticed a redback
     7 | D:1      | Noticed a komodo dragon
     7 | D:1      | Noticed a hound
   173 | D:1      | Gained mutation: You regenerate a little health from kills.
                  | [demonic ancestry]
   173 | D:1      | Reached XP level 2. HP: 10/20 MP: 0/5
   306 | D:1      | Reached skill level 1 in Fighting
   545 | D:1      | Frozen to death by an endoplasm

Illustrated notes

Levels and vault maps discovered:
D:1:      onia_arrival_zoo_common, layout_rooms, skrybe_limestone_x,
          minmay_hexomino_r4

Skill      XL: |  1  2 |
---------------+-------+-----
Stealth        | 2 |  2.1
Fighting       | 1 |  1.4
Dodging        | |  1.7
Spellcasting   | |  2.2
Necromancy     | |  4.6

Action                     || total
---------------------------++-------
  Melee: Unarmed           ||    61
         Dagger            ||    23
         Punch             ||     1
   Cast: Necrotise         ||    21
    Use: Scroll            ||     2
         Potion            ||     1
   Stab: Sleeping          ||     1
 Armour: Robe              ||    24
  Dodge: Dodged            ||   104

Table legend: (Time is in decaauts)
 A = Elapsed time spent in this place.
 B = Non-inter-level travel time spent in this place.
 C = Inter-level travel time spent in this place.
 D = Time resting spent in this place.
 E = Time spent auto-exploring this place.
 F = Levels seen in this place.
 G = Mean time per level.
                   A        B        C        D        E       F      G
               +--------+--------+--------+--------+--------+-----+--------+
         Total |    544 |    544 |      0 |      0 |    322 |   1 |  544.0 |
       Dungeon |    544 |    544 |      0 |      0 |    322 |   1 |  544.0 |
               +--------+--------+--------+--------+--------+-----+--------+

Top non-repeatable levels by time:
     D:1: 544 daAuts
